 Dungeon Crawl Stone Soup version 0.30-b1-2-g02819fbbbe (webtiles) character file.

Game seed: 8092763275187041127

256 knoon the Slasher (level 5, -3/48 HPs)
             Began as a Minotaur Berserker on May 9, 2023.
             Was a Believer of Trog.
             Killed by divine providence
             ... invoked by an orc priest
              (10 damage)
             ... on level 3 of the Dungeon.
             The game lasted 00:15:18 (1946 turns).

knoon the Slasher (Minotaur Berserker)              Turns: 1946, Time: 00:15:18

Health: -3/48      AC: 11    Str: 23    XL:     5   Next: 92%
Magic:  4/4        EV:  7    Int:  4    God:    Trog [**....]
Gold:   122        SH:  3    Dex: 10    Spells: 4/4 levels left

rFire   . . .        p - +0 trident
rCold   . . .        i - +0 buckler
rNeg    . . .        l - +0 plate armour
rPois   .            (helmet restricted)
rElec   .            (no cloak)
rCorr   .            (no gloves)
SInv    .            (no boots)
Will    ++...        f - amulet of the acrobat Stlth
                     n - +4 ring of slaying
HPRegen 1.28/turn    (no ring)
MPRegen 0.09/turn

%: acrobat
@: strong-willed, regenerating
A: horns 2, retaliatory headbutt
a: Renounce Religion, Berserk, Trog's Hand


You were on level 3 of the Dungeon.
You worshipped Trog.
Trog was pleased with you.
You visited 1 branch of the dungeon, and saw 3 of its levels.

You collected 122 gold pieces.

Inventory:

Hand Weapons
 p - a +0 trident (weapon)
Missiles
 c - 6 curare-tipped darts
 d - 10 poisoned darts
Armour
 i - a +0 buckler (worn)
 l - a +0 plate armour (worn)
Jewellery
 f - an amulet of the acrobat (around neck)
 n - a +4 ring of slaying (left hand)
Wands
 h - a wand of roots (7) (quivered)
Scrolls
 m - 2 scrolls of noise
Potions
 b - 2 potions of heal wounds
 e - 2 potions of degeneration {unknown}
 g - a potion of berserk rage {unknown}
 k - a potion of resistance {unknown}
 o - a potion of attraction {unknown}


   Skills:
 + Level 5.0 Fighting
 + Level 1.6(3.6) Short Blades
 + Level 5.6(5.7) Long Blades
 + Level 3.5 Armour
 + Level 3.1 Dodging
 + Level 0.5 Stealth


You had 4 spell levels left.
You didn't know any spells.
Your spell library contained the following spells:

 Spells                   Type           Power      Damage    Failure   Level
 Sandblast                Erth           0%         2d4       100%        1
 Passwall                 Tmut/Erth      0%         N/A       100%        2
 Dazzling Flash           Conj/Hex       0%         N/A       100%        3
 Stone Arrow              Conj/Erth      0%         3d7       100%        3
 Agony                    Necr           0%         N/A       100%        5
 Silence                  Hex/Air        0%         N/A       100%        5


Dungeon Overview and Level Annotations

Branches:
Dungeon (3/15)

Altars:

Annotations:
D:3 Sigmund


Innate Abilities, Weirdness & Mutations

You have a pair of horns on your head.
You reflexively headbutt those who attack you in melee.


Message History

An orc comes into view. It is wielding a +0 mace.
The orc shouts! 2 orcs come into view.
The orc shouts! x2; You hear a shout!
Sigmund the Dreaded comes into view.
He is wielding a +0 scythe.
The orc priest invokes the aid of Beogh against you.
Beogh smites you!
The orc moves out of view.
The orc barely misses you. You furiously retaliate!
You headbutt the orc!
You kill the orc!
Trog accepts your kill. You block the orc's attack.
You see here a +0 hand axe.
The orc priest attacks as you move away!
The orc priest hits you with a +0 club. The orc attacks as you move away!
The orc completely misses you. You furiously retaliate!
You headbutt the orc!
You kill the orc!
Trog accepts your kill.
The orc priest attacks as you move away!
You block the orc priest's attack.
The orc priest invokes the aid of Beogh against you.
Pain shoots through your body!
You see here a +0 dagger.
The orc priest looks encouraged for a moment.
The orc priest miscasts a cantrip.
The orc priest mumbles some strange prayers to Beogh against you.
Beogh smites you!
* * * LOW HITPOINT WARNING * * *
The orc attacks as you move away! You block the orc's attack.
The orc attacks as you move away! The orc completely misses you.
The orc completely misses you. The orc attacks as you move away!
The orc closely misses you.
The orc priest begins to cast a cantrip, but forgets the words!
The orc priest invokes the aid of Beogh against you.
Beogh smites you!
* * * LOW HITPOINT WARNING * * *
Your skin crawls.
You feel strong-willed.
The orc priest mumbles some strange prayers to Beogh against you.
Beogh smites you!
You die...

....##.######## ###
......@.oo..@.# ##.#
#...#########.####..#
#.. #.oo.)..#### #.
#....#..##.. #
#.......##.#
#####.#.##.# #o#.##.#
#@#.##[#
###.#.##.#####..
#)..........>..#
##.....##.#######
#.......#.#
#....†..#.#
#.......#.######
#.#..##..........
#.#.#####.#####..


You could see an orc priest and an orc.

Vanquished Creatures
  Grinder (D:3)
  3 adders (D:2)
  A worm (D:2)
  2 orcs (D:3)
  4 ball pythons (D:1)
  3 bats
  3 endoplasms
  2 giant cockroaches
  A hobgoblin (D:2)
  A kobold (D:2)
  A quokka (D:1)
  2 frilled lizards
  4 goblins
  6 rats
34 creatures vanquished.

Vanquished Creatures (others)
  11 plants (D:2)
11 creatures vanquished.

Grand Total: 45 creatures vanquished

Notes
Turn   | Place    | Note
-------+----------+-------------------------------------------
     0 | D:1      | knoon the Minotaur Berserker began the quest for the Orb.
     0 | D:1      | Reached XP level 1. HP: 19/19 MP: 0/0
   229 | D:1      | Reached XP level 2. HP: 27/27 MP: 1/1
   887 | D:2      | Reached XP level 3. HP: 32/33 MP: 2/2
  1509 | D:2      | Reached ** piety under Trog
  1679 | D:3      | Noticed Grinder
  1686 | D:3      | Paralysed by Grinder for 4 turns
  1694 | D:3      | Killed Grinder
  1695 | D:3      | Reached skill level 5 in Fighting
  1695 | D:3      | Reached skill level 1 in Short Blades
  1695 | D:3      | Reached skill level 5 in Long Blades
  1695 | D:3      | Reached XP level 4. HP: 16/42 MP: 3/3
  1695 | D:3      | Reached XP level 5. HP: 18/48 MP: 4/4
  1923 | D:3      | Noticed Sigmund
  1946 | D:3      | Killed from afar by an orc priest

Illustrated notes

Levels and vault maps discovered:
D:1:      lightli_arrival_chessboard, layout_rooms, serial_curves,
          eino_curves_04, eino_curves_03, minmay_misc_feat_ornament,
          chequers_serial_rivers_room_a
D:2:      layout_loops_ring, minmay_misc_feat_nine_boxes, serial_bayou_ford_a
D:3:      layout_loops_ring, mainiacjoe_overflow_boulevard, uniq_grinder,
          uniq_crazy_yiuf_cottage, uniq_robin, uniq_sigmund

Skill      XL: |  1  2  3 |
---------------+----------+-----
Long Blades    | 4 5 |  5.6
Fighting       | 4 5 |  5.0
Short Blades   | 1 |  1.6
Armour         | 3 |  3.5
Dodging        | 3 |  3.1
Stealth        | |  0.5

Action                     |  1- 3 |  4- 6 || total
---------------------------+-------+-------++-------
  Melee: Falchion          |    29 |       ||    29
         Headbutt          |    11 |     1 ||    12
         Dagger            |    32 |     1 ||    33
         Trident           |       |     2 ||     2
 Invoke: Trog's Hand       |       |     1 ||     1
    Use: Scroll            |     6 |       ||     6
 Armour: Animal skin       |     4 |       ||     4
         Ring mail         |     6 |       ||     6
         Plate armour      |     9 |     1 ||    10
  Dodge: Dodged            |    41 |     8 ||    49
  Block: Buckler           |     1 |     3 ||     4
